 Dungeon Crawl Stone Soup version 0.27-a0-1358-ga0a28fc8c3 (webtiles) character file.

Game seed: 12186891613202388571

1260 Delamore the Covert (level 8, -3/55 HPs)
             Began as an Octopode Brigand on June 28, 2021.
             Slain by a wight (7 damage)
             ... on level 6 of the Dungeon.
             The game lasted 00:07:19 (6220 turns).

Delamore the Covert (Octopode Brigand)              Turns: 6220, Time: 00:07:20

Health: -3/55      AC:  4    Str: 11      XL:     8   Next: 52%
Magic:  7/7        EV: 12    Int: 12 (13) God:
Gold:   104        SH:  0    Dex: 15      Spells: 7/7 levels left

rFire    . . .     SeeInvis .   g - +1 dagger (protect)
rCold    . . .     Faith    .   (no shield)
rNeg     + . .     Spirit   .   r - +1 hat
rPois    .         Reflect  .   (no amulet)
rElec    .         Harm     .   D - ring of positive energy
rCorr    .         Rampage  .   (no ring)
Will     .....                  (no ring)
Stlth    +++++.....             (no ring)
HPRegen  0.18/turn              (no ring)
MPRegen  0.10/turn              (no ring)
                                (no ring)
                                (no ring)

@: no status effects
A: almost no armour, amphibious, 8 rings, camouflage 1, gelatinous body 1,
(nimble swimmer 1), tentacles, iridescent scales 1, deterioration 1, low mp 1
a: no special abilities


You were on level 6 of the Dungeon.
You visited 1 branch of the dungeon, and saw 7 of its levels.

You collected 286 gold pieces.
You spent 182 gold pieces at shops.

Inventory:

Hand Weapons
 a - a +2 dagger
 g - a +1 dagger of protection (weapon)
 y - a +5 short sword
Missiles
 b - 34 poisoned darts
 c - 6 curare-tipped darts (quivered)
 z - 5 boomerangs
 F - a throwing net
Armour
 r - a +1 hat (worn)
Jewellery
 t - a ring of fire
 D - a ring of positive energy (left tentacle)
Wands
 j - a wand of paralysis (11)
 A - a wand of mindburst (13)
 G - a wand of flame (26)
 H - a wand of acid (11)
Scrolls
 i - a scroll of amnesia
 k - 3 scrolls of teleportation
 o - 2 scrolls of fog {unknown}
 p - 2 scrolls of magic mapping {unknown}
 s - 3 scrolls of enchant armour {unknown}
 u - a scroll of summoning {unknown}
 v - 2 scrolls of silence {unknown}
 w - a scroll of vulnerability {unknown}
 x - 2 scrolls of identify
 B - 2 scrolls of acquirement {unknown}
 E - 3 scrolls of blinking {unknown}
Potions
 d - 2 potions of brilliance {unknown}
 e - a potion of heal wounds
 f - a potion of flight
 h - a potion of lignification
 l - 5 potions of haste {unknown}
 m - a potion of invisibility {unknown}
 n - 3 potions of degeneration {unknown}
 q - a potion of cancellation {unknown}
 C - 3 potions of curing


   Skills:
 - Level 5.0 Fighting
 + Level 5.6 Short Blades
 - Level 2.0 Throwing
 - Level 1.0 Dodging
 + Level 9.4 Stealth
 + Level 4.7 Evocations


You had 7 spell levels left.
You didn't know any spells.
Your spell library was empty.

Dungeon Overview and Level Annotations

Branches:
Dungeon (7/15)
 Temple: D:4-7

Altars:
Dithmenos
Fedhas
Sif Muna
Trog
Xom
Yredelemnul
Zin
The Shining One

Shops:
D:2 ((?[   D:5 ((!*


Innate Abilities, Weirdness & Mutations

You cannot wear most types of armour.
You are amphibious.
You can wear up to eight rings at the same time.
Your skin changes colour to match your surroundings (Stealth+).
Your rubbery body absorbs attacks. (AC +1, EV +1)
((You are camouflaged near water. (Stealth+)))
You have tentacles for arms and can constrict up to eight enemies at once.
You are partially covered in iridescent scales. (AC +2)
Your body sometimes deteriorates upon taking damage.
Your magical capacity is low. (-10% MP)


Message History

You hit the orc warrior but do no damage.
Your weapon exudes an aura of protection.
Your grab misses the orc warrior.
The orc warrior hits you with a +0 broad axe.
The orc misses you.
You closely miss the orc warrior. You grab the orc warrior.
You constrict the orc warrior, but do no damage.
The orc hits you with a +0 whip. The orc warrior closely misses you.
A wight comes into view. It is wielding a +3 mace of freezing.
The orc hits you with a +0 dagger.
You release your grip on the orc warrior.
The orc hits you with a +0 whip.
There is a stone staircase leading up here.
The orc warrior closely misses you. The orc hits you with a +0 mace.
The orc hits you with a +0 whip.
The wight hits you with a +3 mace of freezing.
The wight freezes you.
You climb upwards.
There is a stone staircase leading down here.
The orc warrior hits you with a +0 broad axe!
Your body deteriorates!
You feel dopey. The orc closely misses you. The orc warrior barely misses you.
Throw: 7 darts (curare)
Press: ? - help, Q - select action, (/) - cycle Shift-Dir - straight line, f - orc warrior
Aim: an orc warrior, wielding a +0 broad axe and wearing a +0 plate armour (62% to hit)
You throw a curare-tipped dart.
The curare-tipped dart barely misses the orc warrior.
The curare-tipped dart hits the wight.
The orc warrior hits you with a +0 broad axe!
* * * LOW HITPOINT WARNING * * *
There is an open door here.
Okay, then.
You feel much better.
The orc warrior hits you with a +0 broad axe!
You open the door.
The orc warrior hits you with a +0 broad axe!
* * * LOW HITPOINT WARNING * * *
The wight hits you with a +3 mace of freezing!
You die...

##[### ##.....## #.# ###..#.##
##.......## ##.##
........####.........####...#####
###........'.........+....<......
###.#...####.........####....####
........# ##...o...## ##.#.#
.##..#..# ##...o.## ###.#
.###.#..# ##.zo## #.# .###>#..#
##@## #.# ........# #.# #.#
.......## #.# ### #.# ####.###
####.#####.## #.#
#.########...........# #.#
#...............###.## #(#
##########.....## #.#####.#
####.## #.......# ### #########


You could see an orc warrior, a wight and 2 orcs.

Vanquished Creatures
  A black bear (D:5)
  A sky beast (D:6)
  2 ogres (D:5)
  A centaur (D:5)
  A phantom (D:6)
  A water moccasin zombie (D:5)
  A hound (D:6)
  2 gnoll shamans
  An orc priest (D:4)
  2 centaur skeletons
  A jelly (D:4)
  4 iguanas
  A scorpion zombie (D:5)
  A hound skeleton (D:5)
  8 adders
  13 gnolls
  An ufetubus (D:4)
  A worm (D:2)
  3 dart slugs
  17 orcs
  8 ball pythons
  4 bats
  15 endoplasms
  8 goblins
  8 hobgoblins
  11 jackals
  5 quokkas
  2 frilled lizards
  6 kobolds
  14 rats
144 creatures vanquished.

Vanquished Creatures (others)
  A wizard (D:5)
1 creature vanquished.

Grand Total: 145 creatures vanquished

Notes
Turn   | Place    | Note
-------+----------+-------------------------------------------
     0 | D:1      | Delamore the Octopode Brigand began the quest for the Orb.
     0 | D:1      | Reached XP level 1. HP: 14/14 MP: 1/1
   324 | D:1      | Found a faded altar of an unknown god.
   332 | D:1      | Reached XP level 2. HP: 18/19 MP: 2/2
   715 | D:1      | Reached XP level 3. HP: 25/25 MP: 3/3
   773 | D:1      | Gained mutation: Your body sometimes deteriorates upon
                  | taking damage. [potion of mutation]
   773 | D:1      | Gained mutation: Your magical capacity is low. (-10% MP)
                  | [potion of mutation]
   773 | D:1      | Gained mutation: You are partially covered in iridescent
                  | scales. (AC +2) [potion of mutation]
   997 | D:1      | Reached skill level 6 in Stealth
  1308 | D:2      | Found Neti's Weapon Shop.
  1357 | D:2      | Reached XP level 4. HP: 21/30 MP: 3/3
  1465 | D:2      | Found Afusamp's Weapon Emporium.
  1519 | D:2      | Found Kuesitoits's Armour Boutique.
  1581 | D:2      | Found Weoxir's Magic Scroll Emporium.
  1593 | D:2      | Bought a scroll of identify for 22 gold pieces
  1593 | D:2      | Bought a scroll of identify for 22 gold pieces
  2099 | D:3      | Found a shadowy altar of Dithmenos.
  2099 | D:3      | Found a glowing silver altar of Zin.
  2336 | D:3      | Reached XP level 5. HP: 28/36 MP: 4/4
  2943 | D:4      | Found an opulent altar of Gozag.
  2945 | D:4      | Found a shimmering altar of Xom.
  2945 | D:4      | Found a shimmering altar of Xom.
  2947 | D:4      | Found a shimmering blue altar of Sif Muna.
  2947 | D:4      | Found a glowing golden altar of the Shining One.
  2947 | D:4      | Found a basalt altar of Yredelemnul.
  3218 | D:4      | Reached skill level 1 in Evocations
  3235 | D:4      | Reached skill level 7 in Stealth
  3300 | D:4      | Reached XP level 6. HP: 39/43 MP: 5/5
  3768 | D:5      | Entered Level 5 of the Dungeon
  3768 | D:5      | Found Isic's Assorted Antiques.
  3825 | D:5      | Bought a scroll labelled ETISEC TEMYDD for 32 gold pieces
  3825 | D:5      | Bought a scroll labelled ZUVVIN WIOTAZE for 32 gold pieces
  3825 | D:5      | Bought a scroll labelled GUEHOI CEKKI for 32 gold pieces
  3847 | D:5      | Found a bloodstained altar of Trog.
  3856 | D:5      | Noticed a wizard
  3858 | D:5      | Killed a wizard
  4107 | D:5      | Reached XP level 7. HP: 47/48 MP: 6/6
  4162 | D:5      | Found Barugyni's Antique Weapon Boutique.
  4359 | D:5      | Found Hyhoc's Distillery.
  4362 | D:5      | Bought a potion of curing for 42 gold pieces
  4465 | D:5      | Reached skill level 8 in Stealth
  4635 | D:5      | Found a basalt altar of Yredelemnul.
  4765 | D:5      | Found Byudghiorch's Antique Weapon Shop.
  5106 | D:5      | Identified the +2 robe of Yredelemnul's Envy {+Blink Str+6}
  5137 | D:5      | Reached skill level 5 in Fighting
  5137 | D:5      | Reached skill level 5 in Short Blades
  5137 | D:5      | Reached XP level 8. HP: 55/55 MP: 7/7
  5361 | D:6      | Reached skill level 9 in Stealth
  5846 | D:6      | Found a blossoming altar of Fedhas.
  6220 | D:6      | Slain by a wight

Illustrated notes

Levels and vault maps discovered:
D:1:      noname_arrival_rooms_in_the_neighbourhood, layout_basic,
          chequers_ecumenical_altar_simple_redux, minivault_25,
          lemuel_old_faithful
D:2:      layout_rooms, serial_shops, shop, shop, shop, shop
D:3:      layout_loops_ring, jmf_multi_god_temple, guppyfry_early_orc_mine
D:4:      layout_loops_ring, doesnt_xom_only_xom
D:5:      layout_layer_cave, lemuel_zombie_altar_yredelemnul, trog_wizard,
          serial_shops, shop_statue, nicolae_shop_window_shopping,
          nicolae_stop_n_shop_2, kennysheep_mini_moat
D:6:      layout_loops_corners, fedhas_altar_3
D:7:      layout_loops_cross, gammafunk_temple_overflow_claw,
          minmay_temple_entry_fiery, nicolae_ossuary_entry_false_entrances,
          uniq_menkaure, uniq_maggie

Skill      XL: |  1  2  3  4  5  6  7  8 |
---------------+-------------------------+-----
Stealth        | 6 7 8 9 |  9.4
Fighting       | 3 4 5 |  5.0
Short Blades   | 3 4 5 |  5.6
Evocations     | 1 2 3 4 |  4.7
Throwing       | |  2.0
Dodging        | |  1.0

Action                   |  1- 3 |  4- 6 |  7- 9 || total
-------------------------+-------+-------+-------++-------
Melee: Dagger            |    80 |   137 |    87 ||   304
       Constrict         |    16 |    28 |    12 ||    56
       Tentacles         |     8 |    33 |    20 ||    61
Throw: Dart              |       |     8 |     6 ||    14
  Use: Scroll            |     3 |     4 |       ||     7
       Potion            |     1 |       |     1 ||     2
 Stab: Sleeping          |    13 |    29 |     8 ||    50
       Distracted        |       |     1 |     1 ||     2
Armor: Skin              |     8 |    46 |    28 ||    82
Dodge: Dodged            |    40 |    55 |    49 ||   144

Table legend: (Time is in decaauts)
 A = Elapsed time spent in this place.
 B = Non-inter-level travel time spent in this place.
 C = Inter-level travel time spent in this place.
 D = Time resting spent in this place.
 E = Time spent auto-exploring this place.
 F = Levels seen in this place.
 G = Mean time per level.
                   A        B        C        D        E       F      G
               +--------+--------+--------+--------+--------+-----+--------+
         Total |   6162 |   5991 |    171 |    404 |   4684 |   7 |  880.3 |
       Dungeon |   6162 |   5991 |    171 |    404 |   4684 |   7 |  880.3 |
               +--------+--------+--------+--------+--------+-----+--------+

Top non-repeatable levels by time:
     D:5: 1448 daAuts
     D:1: 1300 daAuts
     D:6: 965 daAuts
     D:4: 853 daAuts
     D:3: 811 daAuts
     D:2: 774 daAuts
     D:7: 9 daAuts
